 Dungeon Crawl Stone Soup version 0.29-a0-338-g1ff7896281 (webtiles) character file.

Game seed: 16213422442242304458

17 Kaptain the Digger (level 2, 0/16 HPs)
             Began as a Gargoyle Earth Elementalist on Feb 26, 2021.
             Slain by Terence
             ... wielding a +0 short sword
              (6 damage)
             ... on level 2 of the Dungeon on Apr 18, 2022.
             The game lasted 00:05:10 (994 turns).

Kaptain the Digger (Gargoyle Earth Elementalist)     Turns: 994, Time: 00:05:11

Health: 0/16       AC: 11    Str: 11    XL:     2   Next: 62%
Magic:  4/5        EV: 11    Int: 15    God:
Gold:   41         SH:  0    Dex: 10    Spells: 4/5 levels left

rFire   . . .      SeeInvis .   f - +2 mace (protect)
rCold   . . .      Faith    .   (no shield)
rNeg    + . .      Spirit   .   c - +0 robe
rPois   ∞          Reflect  .   (no helmet)
rElec   +          Harm     .   (no cloak)
rCorr   .          Rampage  .   (no gloves)
Will    .....                   (no boots)
Stlth   ++........              (no amulet)
HPRegen 0.05/turn               (no ring)
MPRegen 0.09/turn               (no ring)

@: mighty, under a protective aura
A: sickness immunity, AC +2, negative energy resistance 1, electricity
resistance, torment resistance 1, petrification resistance
a: no special abilities


You were on level 2 of the Dungeon.
You visited 1 branch of the dungeon, and saw 2 of its levels.

You collected 41 gold pieces.

Inventory:

Hand Weapons
 a - a +0 short sword
 f - a +2 mace of protection (weapon)
Missiles
 b - 17 stones
Armour
 c - a +0 robe (worn)
Scrolls
 d - a scroll of removedness


   Skills:
 * Level 0.3 Fighting
 + Level 0.3 Armour
 + Level 1.5 Dodging
 - Level 2.1 Stealth
 * Level 2.2 Spellcasting
 * Level 0.0 Conjurations
 - Level 1.2 Transmutations
 * Level 4.0 Earth Magic


You had 4 spell levels left.
You knew the following spells:

 Your Spells              Type           Power      Damage    Failure   Level
a - Sandblast             Erth           26%        2d8       4%          1

Your spell library contained the following spells:

 Spells                   Type           Power      Damage    Failure   Level
 Passwall                 Tmut/Erth      7%         N/A       11%         2
 Stone Arrow              Conj/Erth      14%        3d7       28%         3
 Petrify                  Tmut/Erth      9%         N/A       58%         4
 Lee's Rapid Deconstruct  Erth           6%         3d7*      75%         5


Dungeon Overview and Level Annotations

Branches:
Dungeon (2/15)

Altars:

Annotations:
D:2 Terence


Innate Abilities, Weirdness & Mutations

You are immune to sickness and miasma.
Your stone body is resilient. (AC +2)
You are immune to poison.
You resist negative energy. (rN+)
You are resistant to electric shocks. (rElec)
You are resistant to unholy torment.
You are immune to petrification.


Message History

The frilled lizard barely misses you.
You closely miss the frilled lizard. The frilled lizard bites you.
A goblin comes into view. It is wielding a +0 club.
The goblin shouts!
You hit the frilled lizard.
You kill the frilled lizard!
Terence barely misses you.
Your Earth Magic skill increases to level 4!
The adder hisses angrily.
You hit Terence.
Terence is moderately wounded.
Terence barely misses you.
You barely miss Terence.
Terence is moderately wounded.
Terence hits you but does no damage.
You hit Terence.
Terence is moderately wounded.
Terence closely misses you. Terence hits you but does no damage.
You hit Terence.
Terence is severely wounded.
Terence hits you with a +0 short sword.
You closely miss Terence.
Terence is severely wounded.
Terence hits you but does no damage. x2
Unknown command.
Unknown command.
Unknown command.
Casting: Sandblast (safe; 4% risk of failure)
Confirm with . or Enter, or press ? or * to list all spells.
Aiming: Sandblast (safe; 4% risk of failure)
Press: ? - help, Shift-Dir - straight line, f - Terence
Aim: Terence, wielding a +0 short sword and wearing a +0 scale mail (severely wounded, 82% to hit)
The blast of sand hits Terence but does no damage.
Terence is severely wounded.
Terence hits you with a +0 short sword.
Okay, then.
It was a potion of might.
You feel very mighty all of a sudden. Terence hits you with a +0 short sword.
You die...

### .. . .# ##..
.##.#######.##....
.......@@gS..=# .
###.#.####...#.#.
^...# #...#?S
##..# ##l##.#
#####..###..#.##.#
#................#
...##..#@#....####
#...##.#### #..<.
..#


You could see Terence, an adder and a goblin.

Vanquished Creatures
  4 hobgoblins (D:1)
  4 jackals (D:1)
  3 frilled lizards
  4 kobolds (D:1)
  A rat (D:1)
16 creatures vanquished.

Notes
Turn   | Place    | Note
-------+----------+-------------------------------------------
     0 | D:1      | Kaptain the Gargoyle Earth Elementalist began the quest for
                  | the Orb.
     0 | D:1      | Reached XP level 1. HP: 10/10 MP: 3/3
   238 | D:1      | Reached skill level 1 in Transmutations
   349 | D:1      | Reached XP level 2. HP: 15/15 MP: 3/5
   833 | D:1      | Upgraded the game from 0.27-a0-419-g7a85846853 to
                  | 0.29-a0-338-g1ff7896281
   967 | D:2      | Noticed Terence
   988 | D:2      | Reached skill level 4 in Earth Magic
   994 | D:2      | Slain by Terence

Illustrated notes

Levels and vault maps discovered:
D:1:      psy_arrival_terrarium, layout_loops_ring, chequers_mini_garden
D:2:      minmay_wonky_spiral, layout_loops_ring,
          shapermc_ecumenical_altar_totnotflames, basic_altar, serial_shops,
          shop_statue, minmay_tromino_v7, uniq_terence

Skill      XL: |  1  2 |
---------------+-------+-----
Transmutations | 1 |  1.2
Earth Magic    | 4 |  4.0
Fighting       | |  0.3
Armour         | |  0.3
Dodging        | |  1.5
Stealth        | |  2.1
Spellcasting   | |  2.2

Action                   || total
-------------------------++-------
Melee: Dagger            ||     2
       Mace              ||     9
       Short sword       ||     8
 Cast: Sandblast         ||    18
  Use: Potion            ||     1
Armor: Robe              ||    12
Dodge: Dodged            ||    17

Table legend: (Time is in decaauts)
 A = Elapsed time spent in this place.
 B = Non-inter-level travel time spent in this place.
 C = Inter-level travel time spent in this place.
 D = Time resting spent in this place.
 E = Time spent auto-exploring this place.
 F = Levels seen in this place.
 G = Mean time per level.
                   A        B        C        D        E       F      G
               +--------+--------+--------+--------+--------+-----+--------+
         Total |    996 |    963 |     33 |    272 |    549 |   2 |  498.0 |
       Dungeon |    996 |    963 |     33 |    272 |    549 |   2 |  498.0 |
               +--------+--------+--------+--------+--------+-----+--------+

Top non-repeatable levels by time:
     D:1: 966 daAuts
     D:2: 29 daAuts
